 Dungeon Crawl Stone Soup version 0.30-a0-996-ga6910c8ee8 (webtiles) character file.

Game seed: 12043715551861455067

4010 Luminant the Cleaver (level 10, -2/97 HPs)
             Began as a Hill Orc Fighter on Apr 4, 2023.
             Was an Initiate of Beogh.
             Slain by a komodo dragon (12 damage)
             ... on level 9 of the Dungeon on Apr 5, 2023.
             The game lasted 01:34:45 (5944 turns).

Luminant the Cleaver (Hill Orc Fighter)             Turns: 5944, Time: 01:34:45

Health: -2/97      AC: 16    Str: 25    XL:     10   Next: 23%
Magic:  13/13      EV: 10    Int:  8    God:    Beogh [......]
Gold:   477        SH:  0    Dex: 12    Spells: 10/13 levels left

rFire   . . .      SeeInvis .    f - +1 battleaxe "Rutigynt" {speed, Str+3}
rCold   + . .      Faith    .    (shield currently unavailable)
rNeg    . . .      Spirit   .    x - +0 chain mail
rPois   .          Reflect  .    (helmet restricted)
rElec   .          Rampage  .    N - +0 cloak
rCorr   .                        o - +2 pair of gloves
Will    .....                    g - +0 pair of boots Stlth
                                 j - amulet of regeneration
HPRegen 1.16/turn                (no ring)
MPRegen 0.13/turn                (no ring)

@: lethally poisoned (-2 -> -3), slowed, very slow
A: horns 1, cold resistance 1, robust 1
a: Renounce Religion


You were on level 9 of the Dungeon.
You worshipped Beogh.
Beogh was noncommittal.
You visited 2 branches of the dungeon, and saw 10 of its levels.
You also visited: Sewer.

You collected 477 gold pieces.

Inventory:

Hand Weapons
 a - a +1 heavy war axe
 f - the +1 battleaxe "Rutigynt" (weapon) {speed, Str+3}
   (You acquired it on level 2 of the Dungeon)

   Str:       It affects your strength (+3).
 w - a +1 dagger of speed
 y - a +2 heavy mace
Missiles
 F - a throwing net (quivered)
Armour
 c - a +0 buckler
 g - a +0 pair of boots (worn)
 k - a +0 helmet
 o - a +2 pair of gloves (worn)
 x - a +0 chain mail (worn)
 L - a scarf of shadows
 N - a +0 cloak (worn)
Jewellery
 j - an amulet of regeneration (around neck)
 C - an amulet of the acrobat
Wands
 q - a wand of charming (10)
 v - a wand of iceblast (11)
Scrolls
 h - 2 scrolls of blinking
 i - 3 scrolls of poison
 p - 2 scrolls of amnesia
 r - 2 scrolls of brand weapon
 s - 3 scrolls of fog
 t - 2 scrolls of enchant weapon
 u - a scroll of identify
 z - 3 scrolls of enchant armour
 B - a scroll of teleportation
 G - 2 scrolls of immolation
 K - a scroll of magic mapping
 M - a scroll of torment {unknown}
Potions
 b - 2 potions of haste
 d - 3 potions of might
 e - a potion of flight
 l - 3 potions of ambrosia
 m - 4 potions of heal wounds
 n - a potion of magic
 A - 3 potions of mutation
 D - 4 potions of curing
 E - 2 potions of attraction {unknown}
 H - 2 potions of lignification {unknown}
 I - 2 potions of resistance {unknown}
 J - 2 potions of cancellation {unknown}


   Skills:
 * Level 8.3 Fighting
 * Level 8.8 Axes
 - Level 2.3 Throwing
 * Level 7.7 Armour
 - Level 3.9 Dodging
 - Level 1.0 Stealth
 + Level 6.3 Shields
 + Level 2.4 Spellcasting
 + Level 2.7 Air Magic
 + Level 2.2 Invocations


You had 10 spell levels left.
You knew the following spells:

 Your Spells              Type           Power      Damage    Failure   Level
a - Swiftness             Air            5%         N/A       88%         3

Your spell library contained the following spells:

 Spells                   Type           Power      Damage    Failure   Level
 Poisonous Vapours        Pois/Air       6%         N/A       86%         2
 Beastly Appendage        Tmut           0%         N/A       88%         1
 Cigotuvi's Dreadful Rot  Necr/Pois/Air  4%         N/A       89%         2
 Blink                    Tloc           0%         N/A       96%         2
 Ensorcelled Hibernation  Hex/Ice        0%         N/A       96%         2
 Passwall                 Tmut/Erth      0%         N/A       96%         2
 Wereblood                Tmut           0%         N/A       96%         2
 Mephitic Cloud           Conj/Pois/Air  2%         N/A       98%         3
 Spider Form              Tmut/Pois      0%         N/A       99%         3
 Manifold Assault         Tloc           0%         N/A       100%        4
 Fireball                 Conj/Fire      0%         3d3       100%        5
 Iskenderun's Battlesphe  Conj           0%         2d6       100%        5
 Conjure Ball Lightning   Conj/Air       1%         3x3d6     100%        6
 Orb of Destruction       Conj           0%         9d5       100%        7
 Storm Form               Tmut/Air       1%         N/A       100%        7


Dungeon Overview and Level Annotations

Branches:
Dungeon (9/15)             Temple (1/1) D:4           Sewer (visited)
   Lair: D:8-11         Orc: D:9-12

Altars:
Ashenzari
Cheibriados
Dithmenos
Elyvilon
Fedhas
Gozag
Hepliaklqana
Kikubaaqudgha
Makhleb
Nemelex Xobeh
Okawaru
Qazlal
Ru
Sif Muna
Trog
Uskayaw
Vehumet
Wu Jian
Xom
Yredelemnul
Zin
The Shining One

Shops:
D:1 (   D:5 (   D:8 *


Innate Abilities, Weirdness & Mutations

You have a pair of small horns on your head.
Your flesh is cold resistant. (rC+)
You are robust. (+10% HP)


Message History

The polar bear dies!
Beogh accepts your kill.
Found a scroll of blinking.
An ufetubus and a komodo dragon come into view.
The ufetubus shouts!
The komodo dragon hisses angrily.
You hear an angry buzzing noise.
You hear a shout!
A hornet comes into view.
You slice the ufetubus!!
You kill the ufetubus!
Beogh accepts your kill.
You miss the hornet. The hornet stings you!
* * * LOW HITPOINT WARNING * * *
You are poisoned.
You feel yourself slow down.
You slice the komodo dragon!!
The komodo dragon is heavily wounded.
You hit the hornet.
You feel yourself speed up.
You feel very sick. The hornet stings you.
* * * LOW HITPOINT WARNING * * *
You feel yourself slow down.
An orc wizard comes into view. It is wielding a +0 dagger.
The komodo dragon bites you!
* * * LOW HITPOINT WARNING * * *
The hornet barely misses you.
You closely miss the komodo dragon. Your headbutt misses the komodo dragon.
The komodo dragon is heavily wounded.
You barely miss the hornet.
You feel sick.
The hornet stings you but does no damage.
The komodo dragon bites you but does no damage.
The hornet stings you.
* * * LOW HITPOINT WARNING * * *
You feel as though you will be slow longer.
You hit the komodo dragon.
The komodo dragon is severely wounded.
You slash the hornet!
You feel sick.
An orc wizard comes into view. It is wielding a +0 dagger.
The komodo dragon bites you!
You die...

##..................
.#...................
.....................
.....................
.....................
.....................
.....................
.....................
......l@.............
o.....y.............
...................
................
#?#.............
..o.............
#.#.............
...............


You could see a komodo dragon, a hornet and 2 orc wizards.

Vanquished Creatures
  Pikel (D:8)
  Grinder (Sewer)
  2 water moccasins
  2 ice beasts
  An orc warrior (D:7)
  2 black bears (D:6)
  2 ogres
  A wolf (D:9)
  3 phantoms
  3 lemures (D:8)
  A centaur (D:7)
  2 kobold brigands
  3 bullfrogs
  2 scorpions
  8 wights
  3 howler monkeys (D:7)
  2 quasits (Sewer)
  3 hounds
  A jelly (D:6)
  A sleepcap (D:7)
  An orc priest (D:8)
  3 gnoll boudas
  4 iguanas
  4 orc wizards (D:8)
  Robin (D:3)
  13 gnolls
  9 adders
  A river rat (D:6)
  3 shadow imps (Sewer)
  4 white imps
  6 ufetubi
  3 worms
  14 orcs
  7 endoplasms
  5 giant cockroaches
  13 goblins
  3 hobgoblins
  6 jackals
  26 kobolds
  6 quokkas
  5 ball pythons
  4 bats
  2 frilled lizards
  A kobold zombie (Sewer)
  4 rats
192 creatures vanquished.

Vanquished Creatures (collateral kills)
  A polar bear (D:9)
  An ufetubus (D:6)
2 creatures vanquished.

Vanquished Creatures (others)
  A kobold zombie (Sewer)
1 creature vanquished.

Grand Total: 195 creatures vanquished

Notes
Turn   | Place    | Note
-------+----------+-------------------------------------------
     0 | D:1      | Luminant the Hill Orc Fighter began the quest for the Orb.
     0 | D:1      | Reached XP level 1. HP: 19/19 MP: 1/1
    57 | D:1      | Reached XP level 2. HP: 27/27 MP: 2/2
   350 | D:1      | Found Zedigah's Weapon Emporium.
   527 | D:1      | Reached XP level 3. HP: 32/33 MP: 3/3
   663 | D:2      | Identified a scroll of acquirement
   663 | D:2      | Acquired the +1 battleaxe "Rutigynt" {speed, Str+3}
  1191 | D:2      | Reached XP level 4. HP: 37/40 MP: 4/4
  1481 | D:3      | Noticed Robin
  1506 | D:3      | Killed Robin
  1756 | D:3      | Reached XP level 5. HP: 36/47 MP: 5/5
  2101 | D:4      | Found a staircase to the Ecumenical Temple.
  2131 | Temple   | Entered the Ecumenical Temple
  2370 | D:4      | Reached skill level 1 in Stealth
  2377 | D:4      | Reached skill level 1 in Dodging
  2499 | D:4      | Reached XP level 6. HP: 53/53 MP: 6/6
  2716 | D:5      | Entered Level 5 of the Dungeon
  2724 | D:5      | Noticed a water moccasin
  2741 | D:5      | Killed a water moccasin
  2748 | D:5      | Reached skill level 5 in Fighting
  2941 | D:5      | Reached XP level 7. HP: 53/61 MP: 7/7
  3127 | D:5      | Reached skill level 5 in Axes
  3148 | D:5      | Reached skill level 5 in Armour
  3283 | D:5      | Found Xelebap's Antique Weapon Emporium.
  3336 | D:5      | Reached skill level 5 in Shields
  3452 | D:5      | Gained mutation: You are robust. (+10% HP) [potion of
                  | mutation]
  3452 | D:5      | Gained mutation: Your flesh is cold resistant. (rC+)
                  | [potion of mutation]
  3452 | D:5      | Gained mutation: You have a pair of small horns on your
                  | head. [potion of mutation]
  3457 | D:5      | Learned a level 3 spell: Swiftness
  3485 | D:6      | Reached XP level 8. HP: 75/75 MP: 8/8
  3671 | D:6      | Reached skill level 1 in Air Magic
  3730 | D:6      | Reached skill level 1 in Throwing
  3742 | D:6      | Reached skill level 1 in Spellcasting
  4008 | D:6      | Found a glowing drain.
  4012 | Sewer    | Entered a sewer
  4105 | Sewer    | Found a burning altar of Makhleb.
  4106 | Sewer    | Noticed Grinder
  4118 | Sewer    | Paralysed by Grinder for 2 turns
  4126 | Sewer    | Killed Grinder
  4127 | Sewer    | Reached XP level 9. HP: 72/85 MP: 9/11
  4633 | D:7      | Found a basalt altar of Yredelemnul.
  4639 | D:7      | Noticed a profane servitor
  4652 | D:7      | Found a glowing golden altar of the Shining One.
  4654 | D:7      | Noticed an angel
  4804 | D:7      | Found a shimmering altar of Xom.
  4993 | D:7      | Found a burning altar of Makhleb.
  4995 | D:7      | Noticed a blizzard demon
  5005 | D:7      | Noticed a smoke demon
  5151 | D:7      | Became a worshipper of Beogh the Brigand
  5587 | D:8      | Noticed Pikel
  5603 | D:8      | Killed Pikel
  5604 | D:8      | Reached skill level 1 in Invocations
  5604 | D:8      | Reached XP level 10. HP: 78/96 MP: 13/13
  5694 | D:8      | Found Nyemm's Serpentskin Sales.
  5944 | D:9      | Slain by a komodo dragon

Illustrated notes

Levels and vault maps discovered:
D:1:      mushboom_english_gardens, layout_loops_ring, serial_shops, shop
D:2:      layout_loops_cross, grunt_decor_cap
D:3:      layout_basic, uniq_robin
D:4:      layout_basic, minmay_temple_entry_glass
D:5:      layout_basic, serial_shops, nicolae_lakefront_shop, chequers_jeans
D:6:      layout_basic, gup_sewer_entry_spiral, serial_bayou_pond_e
D:7:      layout_loops_corners, mainiacjoe_overflow_small_starburst,
          grunt_temple_overflow_holy_war, makhleb_altar_promises_db
D:8:      layout_rooms, guppyfry_shop_venom, uniq_pikel
D:9:      layout_big_octagon, serial_ice, serial_ice_i, serial_ice_a,
          serial_ice_b, serial_ice_d
Temple:   dpeg_five_rooms_temple

Skill      XL: |  1  2  3  4  5  6  7  8  9 10 |
---------------+-------------------------------+-----
Axes           | 3 4 5 6 8 |  8.8
Fighting       | 4 5 6 8 |  8.3
Armour         | 4 5 6 7 |  7.7
Shields        | 4 5 6 |  6.3
Stealth        | 1 |  1.0
Dodging        | 1 2 3 |  3.9
Air Magic      | 1 2 |  2.7
Throwing       | 1 2 |  2.3
Spellcasting   | 1 2 |  2.4
Invocations    | 1 2 |  2.2

Action                     |  1- 3 |  4- 6 |  7- 9 | 10-12 || total
---------------------------+-------+-------+-------+-------++-------
  Melee: War axe           |    76 |       |       |       ||    76
         Battleaxe         |    44 |   134 |   278 |    25 ||   481
         Headbutt          |       |       |    39 |     3 ||    42
 Invoke: Convert to Beogh  |       |       |     1 |       ||     1
  Evoke: Wand              |       |     4 |     2 |     2 ||     8
    Use: Scroll            |     3 |    12 |     6 |       ||    21
         Potion            |       |       |     1 |       ||     1
 Armour: Scale mail        |    57 |    28 |       |       ||    85
         Chain mail        |       |    49 |   213 |    15 ||   277
  Dodge: Dodged            |    61 |    72 |   148 |    16 ||   297
  Block: Buckler           |    16 |       |       |       ||    16

Table legend: (Time is in decaauts)
 A = Elapsed time spent in this place.
 B = Non-inter-level travel time spent in this place.
 C = Inter-level travel time spent in this place.
 D = Time resting spent in this place.
 E = Time spent auto-exploring this place.
 F = Levels seen in this place.
 G = Mean time per level.
                   A        B        C        D        E       F      G
               +--------+--------+--------+--------+--------+-----+--------+
         Total |   5991 |   2869 |   3122 |      0 |   1477 |  11 |  544.6 |
       Dungeon |   5415 |   2493 |   2922 |      0 |   1319 |   9 |  601.7 |
        Temple |    206 |      6 |    200 |      0 |      0 |   1 |  206.0 |
         Sewer |    370 |    370 |      0 |      0 |    158 |   1 |  370.0 |
               +--------+--------+--------+--------+--------+-----+--------+

Top non-repeatable levels by time:
     D:7: 993 daAuts
     D:5: 751 daAuts
     D:2: 709 daAuts
     D:6: 698 daAuts
     D:1: 671 daAuts
     D:4: 647 daAuts
     D:3: 507 daAuts
     D:8: 389 daAuts
   Sewer: 370 daAuts
  Temple: 206 daAuts
     D:9: 45 daAuts
